 Dungeon Crawl Stone Soup version 0.21.1-1-g345015f (webtiles) character file.

21 Labyrinth the Insei (level 2, -5/21 HPs)
             Began as a Merfolk Transmuter on July 20, 2018.
             Killed from afar by a kobold (16 damage)
             ... with an exploding inner flame
             ... hexed by the player character
             ... on level 1 of the Dungeon.
             The game lasted 00:04:53 (513 turns).

Labyrinth the Insei (Merfolk Transmuter)             Turns: 513, Time: 00:04:54

Health: -5/21      AC:  2    Str: 10    XL:     2   Next: 87%
Magic:  4/5        EV: 13    Int: 12    God:
Gold:   15         SH:  0    Dex: 14    Spells: 4/5 levels left

rFire    . . .     SeeInvis .   g - +0 hand axe
rCold    . . .     Gourm    .   (no shield)
rNeg     . . .     Faith    .   b - +0 robe
rPois    .         Spirit   .   (no helmet)
rElec    .         Reflect  .   (no cloak)
rCorr    .         Harm     .   (no gloves)
MR       .....                  (no boots)
Stlth    +.........             (no amulet)
HPRegen  0.07/turn              (no ring)
MPRegen  0.09/turn              (no ring)

@: appendage
A: change form in water, swift swim, stealthy swim, horns 2
a: End Transformation


You were on level 1 of the Dungeon.
You were not hungry.
You had grown temporary horns.
You visited 1 branch of the dungeon, and saw 1 of its levels.

You collected 15 gold pieces.

Inventory:

Hand Weapons
 g - a +0 hand axe (weapon)
 j - a +0 dagger
 m - a +0 club
 n - a +0 dagger
 o - a cursed -1 club
 p - a +0 club
 q - a +0 club
Missiles
 a - 21 arrows
 l - 5 stones (quivered)
Armour
 b - a +0 robe (worn)
Scrolls
 f - a scroll of remove curse {unknown}
 k - a scroll of magic mapping {unknown}
Potions
 h - a potion of heal wounds
 i - a potion of agility {unknown}
Books
 c - a book of Changes

   Spells                             Type                      Level
   a - Beastly Appendage              Transmutation                1
   b - Sticks to Snakes               Transmutation                2
   c - Spider Form                    Transmutation/Poison         3
   d - Ice Form                       Ice/Transmutation            4
   e - Blade Hands                    Transmutation                5
Comestibles
 d - a ration
 r - 8 chunks of flesh


   Skills:
 + Level 1.1 Fighting
 + Level 3.2 Dodging
 + Level 3.7 Unarmed Combat
 + Level 2.3 Spellcasting
 + Level 2.9 Transmutations


You had 4 spell levels left.
You knew the following spells:

 Your Spells              Type           Power        Failure   Level  Hunger
a - Beastly Appendage     Tmut           #.....       8%          1    ##.....


Dungeon Overview and Level Annotations

Branches:
Dungeon (1/15)

Altars:


Innate Abilities, Weirdness & Mutations

You revert to your normal form in water.
You are very nimble and swift while swimming.
You are very stealthy in the water. (Stealth+)
You have a pair of horns on your head.


Message History

You butcher the goblin corpse. x2
r - 3 chunks of flesh (gained 1);
r - 6 chunks of flesh (gained 3)
You see here a dart slug corpse.
You butcher the dart slug corpse.
r - 8 chunks of flesh (gained 2)
You start resting.
A kobold is nearby!
As you read the scroll labeled XIFFIURAKE, it crumbles to dust.
The creatures around you are filled with an inner flame!
It was a scroll of immolation.
You barely miss the kobold. The kobold misses you.
Casting: Beastly Appendage
Confirm with . or Enter, or press ? or * to list all spells.
You grow a pair of large bovine horns.
The kobold closely misses you.
You closely miss the kobold. The kobold barely misses you.
You hit the kobold.
The kobold explodes!
The fiery explosion engulfs you!
Ouch! That really hurt!
You die...

#.# #.# #.#
#.# #.# ##.##
. #...# ...
#...####....#
#....@§§...#
#...#§§##..#
#...##....
##### #.#.>#
....# ....#
...# ...#


There were no monsters in sight!

Vanquished Creatures
  An ooze (D:1)
  A dart slug (D:1)
  2 giant cockroaches (D:1)
  3 hobgoblins (D:1)
  3 goblins (D:1)
  2 kobolds (D:1)
  2 rats (D:1)
14 creatures vanquished.

Notes
Turn   | Place    | Note
-------+----------+-------------------------------------------
     0 | D:1      | Labyrinth the Merfolk Transmuter began the quest for the Orb.
     0 | D:1      | Reached XP level 1. HP: 15/15 MP: 3/3
   113 | D:1      | Reached XP level 2. HP: 16/21 MP: 3/5
   513 | D:1      | Killed from afar by a kobold

Skill      XL: |  1  2 |
---------------+-------+-----
Dodging        | 3 |  3.2
Fighting       | |  1.1
Unarmed Combat | |  3.7
Spellcasting   | |  2.3
Transmutations | |  2.9

Action                   || total
-------------------------++-------
Melee: Unarmed           ||     6
       Headbutt          ||     5
       Punch             ||     1
       Hand axe          ||    41
 Cast: Beastly Appendage ||     9
  Use: Potion            ||     2
       Scroll            ||     1
Armor: Robe              ||     6
Dodge: Dodged            ||    35
